 Dungeon Crawl Stone Soup version 0.19.0-24-gb05acd6 (webtiles) character file.

140 dobroeutro the Cudgeler (level 5, -6/32 HPs)
             Began as a Gargoyle Fighter on Nov 20, 2016.
             Mangled by an ogre
             ... wielding a +0 giant club
              (25 damage)
             ... on level 5 of the Dungeon.
             The game lasted 00:01:01 (631 turns).

dobroeutro the Cudgeler (Gargoyle Fighter)           Turns: 631, Time: 00:01:02

Health: -6/32      AC: 13    Str: 19    XL:     5   Next: 23%
Magic:  5/5        EV:  7    Int:  9    God:
Gold:   21         SH:  9    Dex: 10    Spells: 0 memorised, 4 levels left

rFire  . . .     SeeInvis .     a - +0 flail
rCold  . . .     Gourm    .     b - +0 scale mail
rNeg   + . .     Faith    .     c - +0 shield
rPois  ∞         Spirit   .     (no helmet)
rElec  +         Reflect  .     k - +0 cloak
rCorr  .         Harm     .     g - +0 pair of gloves
MR     .....                    (no boots)
Stlth  ..........               (no amulet)
                                (no ring)
                                (no ring)

@: no status effects
A: negative energy resistance 1, electricity resistance, unbreathing,
petrification resistance, rot immunity, AC +4
a: no special abilities


You were on level 5 of the Dungeon.
You were not hungry.

You visited 1 branch of the dungeon, and saw 5 of its levels.

You collected 21 gold pieces.

Inventory:

Hand Weapons
 a - a +0 flail (weapon)
Armour
 b - a +0 scale mail (worn)
 c - a +0 shield (worn)
 g - a +0 pair of gloves (worn)
 k - a +0 cloak (worn)
Scrolls
 h - a scroll of teleportation {unknown}
 i - a scroll of enchant weapon {unknown}
 j - a scroll of identify {unknown}
Potions
 e - a potion of berserk rage {unknown}
Comestibles
 f - 2 bread rations


   Skills:
 - Level 3.2 Fighting
 + Level 5.2 Maces & Flails
 - Level 3.2 Armour
 - Level 3.2 Shields


You had 4 spell levels left.
You didn't know any spells.

Dungeon Overview and Level Annotations

Branches:
Dungeon (5/15)
 Temple: D:4-7

Altars:


Innate Abilities, Weirdness & Mutations

You are resistant to torment.
Your stone body is resilient. (AC +4)
You are immune to poison.
You resist negative energy. (rN+)
You are resistant to electric shocks. (rElec)
You can survive without breathing.
You are immune to petrification.
You are immune to rotting.


Message History

Where to? (Enter - D:4, ? - help)
There is a stone staircase leading down here.
You climb downwards.
You hear the sound of rushing water.
There is an entrance to a sewer on this level.
Hurry and find it before the portal rusts away!
Found a falchion.
There is a stone staircase leading up here.
An ogre comes into view. It is wielding a giant club.
The ogre shouts!
Found a stone staircase leading down.
Found a puce potion and a scroll labeled LUWIFIFOIZE.
You hit the ogre but do no damage. You block the ogre's attack.
You hit the ogre.
The ogre is lightly wounded.
The ogre hits you with a giant club!
You barely miss the ogre.
The ogre is lightly wounded.
The ogre hits you with a giant club!!
Ouch! That really hurt!
You die...

########## ######
#........# #.....
#.######.###### #.....
#.###.#........
#.?...###..##....#.....
#!......#..........###.
##.......#.....<........
#..>..O@.....)..........
###.######............#.
............#...
#...........##..
###.............
####..#.....# ..........
..


You could see an ogre.

Vanquished Creatures
  A phantom (D:4)
  A worker ant (D:4)
  An adder (D:2)
  An orc (D:4)
  2 bats
  2 giant cockroaches (D:1)
  3 hobgoblins (D:1)
  A quokka (D:3)
  A ball python (D:1)
  A frilled lizard (D:3)
  2 kobolds (D:1)
  5 rats
21 creatures vanquished.

Notes
Turn   | Place    | Note
-------+----------+-------------------------------------------
     0 | D:1      | dobroeutro the Gargoyle Fighter began the quest for the Orb.
     0 | D:1      | Reached XP level 1. HP: 14/14 MP: 1/1
   146 | D:1      | Reached XP level 2. HP: 19/19 MP: 2/2
   221 | D:2      | Reached skill level 3 in Maces & Flails
   256 | D:2      | Reached XP level 3. HP: 18/23 MP: 3/3
   334 | D:4      | Noticed a phantom
   356 | D:4      | Killed a phantom
   356 | D:4      | Reached skill level 5 in Maces & Flails
   356 | D:4      | Reached XP level 4. HP: 12/28 MP: 4/4
   356 | D:4      | Reached XP level 5. HP: 14/32 MP: 5/5
   610 | D:5      | Entered Level 5 of the Dungeon
   625 | D:5      | Noticed an ogre
   631 | D:5      | Mangled by an ogre

Skill      XL: |  1  2  3 |
---------------+----------+-----
Maces & Flails | 3 5 |  5.2
Fighting       | |  3.2
Armour         | |  3.2
Shields        | |  3.2

Action                   |  1- 3 |  4- 6 || total
-------------------------+-------+-------++-------
Melee: Flail             |    87 |     7 ||    94
  Use: Potion            |     1 |       ||     1
Armor: Scale mail        |    51 |     1 ||    52
Dodge: Dodged            |    27 |       ||    27
Block: Shield            |    45 |     4 ||    49
